 Dungeon Crawl Stone Soup version 0.19.0-11-g3fc08b3 (webtiles) character file.

2976 dobroeutro the Cleaver (level 9, -6/121 HPs)
             Began as a Minotaur Berserker on Nov 9, 2016.
             Was an Elder of Trog.
             Mangled by a queen bee (11 damage)
             ... on level 8 of the Dungeon.
             The game lasted 00:07:00 (5140 turns).

dobroeutro the Cleaver (Minotaur Berserker)         Turns: 5140, Time: 00:07:02

Health: -6/121     AC: 24    Str: 33    XL:     9   Next: 53%
Magic:  8/8        EV:  2    Int:  4    God:    Trog [****..]
Gold:   177        SH:  0    Dex: 11    Spells: 0 memorised, 8 levels left

rFire  + . .     SeeInvis .     C - +8 war axe "Vuguromoi" {freeze, rN+ MR+ Str+4}
rCold  . . .     Gourm    .     (armour currently unavailable)
rNeg   + + +     Faith    .     (no shield)
rPois  +         Spirit   .     (helmet currently unavailable)
rElec  .         Reflect  .     (cloak currently unavailable)
rCorr  .         Harm     .     (gloves currently unavailable)
MR     +++..     NoTele   +     (boots currently unavailable)
Stlth  ++........               (no amulet)
                                s - ring of protection from fire
                                b - ring of stealth

@: mighty, lethally poisoned (-6 -> -6), exhausted, tree-form, regenerating,
hasted and slowed
A: (retaliatory headbutt), (horns 0)
a: Berserk, Trog's Hand, Brothers in Arms, Burn Spellbooks, Renounce Religion


You were on level 8 of the Dungeon.
You worshipped Trog.
Trog was greatly pleased with you.
You were hungry.
You were a tree.
You visited 1 branch of the dungeon, and saw 8 of its levels.

You collected 440 gold pieces.
You spent 263 gold pieces at shops.

Inventory:

Hand Weapons
 t - a +0 war axe
 C - the +8 war axe "Vuguromoi" (weapon) {freeze, rN+ MR+ Str+4}
   (You bought it in a shop on level 7 of the Dungeon)

   It has been specially enchanted to freeze those struck by it, causing extra
   injury to most foes and up to half again as much damage against particularly
   susceptible opponents.
   It can also slow down cold-blooded creatures.
   It affects your strength (+4).
   It protects you from negative energy.
   It affects your resistance to hostile enchantments.
Armour
 h - a +0 pair of gloves (melded)
 i - a +0 cloak (melded)
 D - a +0 pair of boots (melded)
 J - a +3 scale mail of poison resistance (melded)
Jewellery
 b - a ring of stealth (left branch)
 s - a ring of protection from fire (right branch)
Wands
 z - a wand of polymorph (13/24)
 H - a wand of flame (34/48)
Scrolls
 a - a scroll of blinking {unknown}
 e - 5 scrolls of amnesia {unknown}
 f - 9 scrolls of remove curse {unknown}
 j - 2 scrolls of teleportation {unknown}
 k - 6 scrolls of identify {unknown}
 l - 2 scrolls of noise {unknown}
 w - a scroll of fog {unknown}
 y - a scroll of immolation {unknown}
 G - 2 scrolls of fear {unknown}
Potions
 d - 2 potions of magic {unknown}
 g - 2 potions of haste
 m - 2 potions of might
 o - 2 potions of lignification
 p - 2 potions of mutation {unknown}
 q - a potion of resistance {unknown}
 r - 2 potions of flight {unknown}
 u - 2 potions of berserk rage {unknown}
 v - a potion of invisibility {unknown}
 x - 2 potions of degeneration {unknown}
 B - a potion of agility {unknown}
 E - 3 potions of heal wounds {unknown}
 F - 2 potions of curing {unknown}
 K - 2 potions of brilliance {unknown}
 L - a potion of beneficial mutation {unknown}
Comestibles
 c - 7 bread rations
 n - 4 meat rations
 A - 7 fruits
 N - a slice of pizza


   Skills:
 + Level 8.2 Fighting
 * Level 10.6 Axes
 + Level 7.3 Armour
 + Level 6.8 Dodging


You had 8 spell levels left.
You didn't know any spells.

Dungeon Overview and Level Annotations

Branches:
Dungeon (8/15)             Temple (0/1) D:6
   Lair: D:8-11

Altars:
Elyvilon
Makhleb
Nemelex Xobeh
Qazlal
Ru

Shops:
D:7 (


Innate Abilities, Weirdness & Mutations

((You reflexively headbutt those who attack you in melee.))
((You have a pair of horns on your head.))


Message History

The queen bee stings you but does no damage.
It was a potion of might.
You feel very mighty all of a sudden.
The scorpion stings you but does no damage.
Your ogre hits the scorpion with a giant club!!
The scorpion dies!
Trog accepts your kill.
The orc wizard gestures wildly while chanting.
The orc wizard blinks!
The queen bee stings you but does no damage.
The orc wizard casts a spell.
The orc wizard blinks!
You hear an angry buzzing noise.
It was a potion of haste.
You feel yourself speed up.
You feel sick.
You hear an angry buzzing noise.
Your ogre rages.
The queen bee stings you.
* * * LOW HITPOINT WARNING * * *
The queen bee stings you!
You die... ..# y.. ..#. ##... ....####.... .......... #.....h# ###### .ooS#

#
#....#####oy##.####
#......O♣yJo..%....
#....######.)>...##
##.<.# ##)......
#.#.# (.(..## #.###
....... #.+ ...o..#
### ##.#... o...#
.....


You could see a queen bee, a jelly, a killer bee, an orc priest, an adder, an
orc, a jackal and a friendly ogre (berserk).

Vanquished Creatures
  Pikel (D:6)
  A hippogriff (D:7)
  2 slaves (D:6)
  An ice beast (D:5)
  4 ogres
  4 centaurs
  A scorpion (D:6)
  9 killer bees (D:8)
  5 wights (D:7)
  3 howler monkeys
  4 orc wizards
  A centaur skeleton (D:7)
  An orc priest (D:8)
  Crazy Yiuf (D:2)
  A hound (D:5)
  A bullfrog skeleton (D:5)
  4 worker ants
  A hound zombie (D:8)
  2 howler monkey zombies (D:5)
  Robin (D:2)
  11 gnolls
  9 adders
  2 shadow imps
  A worm (D:2)
  A dart slug (D:2)
  3 leopard geckos
  33 orcs
  6 bats
  11 giant cockroaches
  21 goblins
  15 hobgoblins
  3 jackals (D:3)
  14 kobolds
  5 quokkas
  A ball python (D:1)
  A ball python skeleton (D:4)
  A frilled lizard (D:1)
  A leopard gecko skeleton (D:4)
  A leopard gecko zombie (D:5)
  A quokka skeleton (D:4)
  10 rats
199 creatures vanquished.

Vanquished Creatures (collateral kills)
  A scorpion (D:8)
1 creature vanquished.

Vanquished Creatures (others)
  A slave (D:6)
  An orc wizard (D:6)
  2 orcs (D:6)
4 creatures vanquished.

Grand Total: 204 creatures vanquished

Notes
Turn   | Place    | Note
-------+----------+-------------------------------------------
     0 | D:1      | dobroeutro the Minotaur Berserker began the quest for the Orb.
     0 | D:1      | Reached XP level 1. HP: 19/19 MP: 0/0
   259 | D:1      | Reached XP level 2. HP: 25/27 MP: 1/1
   444 | D:1      | Found a sparkling altar of Nemelex Xobeh.
   480 | D:1      | Reached skill level 4 in Axes
   715 | D:1      | You fall through a shaft!
   764 | D:2      | Reached XP level 3. HP: 26/33 MP: 2/2
   830 | D:2      | Noticed Robin
   844 | D:2      | Killed Robin
   915 | D:2      | Found a faded altar of an unknown god.
   915 | D:2      | Found a faded altar of an unknown god.
   922 | D:2      | Found a faded altar of an unknown god.
   924 | D:2      | Found a faded altar of an unknown god.
   926 | D:2      | Found a burning altar of Makhleb.
   981 | D:2      | Reached ** piety under Trog
  1034 | D:2      | Found a runed door.
  1082 | D:2      | Reached XP level 4. HP: 40/40 MP: 3/3
  1621 | D:2      | Noticed Crazy Yiuf
  1629 | D:2      | Killed Crazy Yiuf
  1629 | D:2      | Reached skill level 5 in Axes
  1839 | D:3      | Reached XP level 5. HP: 34/47 MP: 4/4
  1961 | D:3      | Noticed a centaur
  1968 | D:3      | Killed a centaur
  1968 | D:3      | Reached skill level 5 in Fighting
  1968 | D:3      | Reached XP level 6. HP: 21/56 MP: 5/5
  2195 | D:3      | Reached skill level 6 in Axes
  2359 | D:4      | Reached *** piety under Trog
  2365 | D:4      | Reached XP level 7. HP: 61/61 MP: 6/6
  2841 | D:5      | Entered Level 5 of the Dungeon
  2851 | D:5      | Reached skill level 7 in Axes
  2979 | D:5      | Reached skill level 5 in Armour
  3103 | D:5      | Reached skill level 5 in Dodging
  3169 | D:5      | Reached XP level 8. HP: 60/70 MP: 7/7
  3178 | D:5      | Reached **** piety under Trog
  3295 | D:5      | Reached skill level 8 in Axes
  3652 | D:6      | Found a staircase to the Ecumenical Temple.
  3796 | D:6      | Noticed Pikel
  3808 | D:6      | Killed Pikel
  3808 | D:6      | Reached skill level 9 in Axes
  4034 | D:6      | Found a stormy altar of Qazlal.
  4046 | D:6      | Found a white marble altar of Elyvilon.
  4305 | D:7      | Noticed a hippogriff
  4314 | D:7      | Killed a hippogriff
  4365 | D:7      | Reached XP level 9. HP: 79/79 MP: 8/8
  4598 | D:7      | Found Lahe's Antique Weapon Boutique.
  4606 | D:7      | Bought a scorched war axe for 263 gold pieces
  4606 | D:7      | Identified the +8 war axe "Vuguromoi" {freeze, rN+ MR+ Str+4} (You bought it in a shop on level 7 of the Dungeon)
  4628 | D:7      | Found a sacrificial altar of Ru.
  4658 | D:7      | Reached skill level 10 in Axes
  5122 | D:8      | Noticed a queen bee
  5128 | D:8      | Reached ***** piety under Trog
  5138 | D:8      | HP: 6/121 [queen bee (8)]
  5140 | D:8      | Mangled by a queen bee

Skill      XL: |  1  2  3  4  5  6  7  8  9 |
---------------+----------------------------+-----
Axes           | 4 5 6 7 9 10 | 10.6
Fighting       | 4 5 6 7 8 |  8.2
Armour         | 3 4 5 6 7 |  7.3
Dodging        | 3 4 5 6 |  6.8

Action                   |  1- 3 |  4- 6 |  7- 9 || total
-------------------------+-------+-------+-------++-------
Melee: Hand axe          |    63 |    34 |       ||    97
       Headbutt          |    10 |    20 |    38 ||    68
       War axe           |       |    64 |   229 ||   293
Invok: Berserk           |     1 |     2 |     3 ||     6
       Burn Spellbooks   |       |       |     1 ||     1
       Trog's Hand       |       |       |     1 ||     1
       Brothers in Arms  |       |       |     1 ||     1
  Use: Potion            |       |       |     3 ||     3
 Stab: Sleeping          |       |     2 |     3 ||     5
  Eat: Chunk             |     2 |     5 |     6 ||    13
       Bread ration      |       |       |     1 ||     1
       Royal jelly       |       |       |     1 ||     1
Armor: Ring mail         |    19 |    37 |    53 ||   109
       Animal skin       |     3 |       |       ||     3
       Scale mail        |       |       |    36 ||    36
       Skin              |       |       |     6 ||     6
Dodge: Dodged            |    32 |    69 |   161 ||   262
